Map: Ruins of Seras

Players

Wibang - Winner!

  • Race: Zerg Zerg
  • League: Master

Schme

  • Race: Zerg Zerg
  • League: Platinum

VOD

Have the link to the VOD?

Description

Time

  • Played on: Nov. 16, 2015, 11:47 a.m.
  • Length: 7:55
Show
View Real Time Build Order
Export as new Build Order

Wibang Zerg - Winner!

Build Orders: Hatch First 

Get SALT Encoding   

  12  0:00  Drone  
  13  0:12  Overlord  
  13  0:18  Drone  
  14  0:31  Drone x2  
  14  0:34  Drone  
  17  0:45  Drone  
  18  0:57  Hatchery  
  18  1:02  Drone, Extractor  
  17  1:16  Spawning Pool  
  16  1:19  Drone  
  16  1:23  Drone  
  18  1:31  Drone  
  19  1:38  Overlord  
  19  2:03  Queen  
  19  2:04  Metabolic Boost  
  19  2:05  Zergling x4  
  23  2:10  Queen  
  25  2:15  Drone  
  25  2:19  Drone  
  27  2:23  Drone  
  27  2:24  Drone  
  29  2:34  Drone x2  
  31  2:40  Queen  
  33  2:47  Drone x2  
  35  2:52  Baneling Nest  
  35  2:55  Drone  
  35  3:02  Overlord  
  35  3:22  Drone x3  
  35  3:23  Drone  
  35  3:26  Hatchery  
  38  3:30  Drone x3  
  41  3:34  Drone  
  41  3:35  Drone  
  41  3:40  Overlord  
  43  3:49  Zergling x2  
  43  3:52  Extractor  
  43  3:54  Evolution Chamber  
  43  3:55  Zergling x2  
  42  3:56  Zergling x2  
  42  3:59  Zergling x2  
  42  4:00  Zergling x8  
  47  4:05  Zergling x4  
  49  4:13  Zergling x2, Baneling x2  
  49  4:14  Zergling x2  
  51  4:18  Baneling x4  
  51  4:20  Zergling x2  
  52  4:25  Zerg Ground Armor Level 1  
  52  4:27  Overlord x2  
  51  4:45  Drone  
  51  4:46  Drone x7  
  51  4:50  Drone x3  
  51  4:51  Drone  
  62  4:57  Queen  
  64  5:03  Evolution Chamber, Extractor  
  64  5:05  Drone  
  64  5:06  Drone  
  60  5:15  Drone x6  
  64  5:23  Drone  
  64  5:24  Drone x5  
  69  5:35  Zergling x6  
  68  5:42  Zerg Melee Weapons Level 1  
  69  5:46  Drone  
  69  5:47  Drone x3  
  69  5:48  Overlord x2  
  69  5:49  Overlord x2  
  73  5:51  Extractor  
  73  5:52  Extractor  
  73  5:53  Zergling x2  
  73  5:54  Baneling x2  
  73  5:56  Baneling  
  73  5:57  Baneling  
  72  5:59  Zergling x2  
  73  6:10  Zergling x12  
  79  6:18  Zergling x10  
  83  6:29  Zergling x6  
  82  6:34  Lair  
  82  6:37  Zergling x10  
  87  6:42  Hatchery  
  86  6:48  Zergling x10  
  86  6:54  Zergling x8  
  95  7:06  Baneling x8  
  95  7:11  Pneumatized Carapace  
  95  7:12  Hatchery  
  94  7:16  Zergling x2  
  94  7:17  Zergling x18  
  103  7:31  Zergling x6  
  105  7:48  Infestation Pit  
Show
View Real Time Build Order
Export as new Build Order

Schme Zerg 

Build Orders: Hatch First 

Get SALT Encoding   

  12  0:01  Drone  
  13  0:13  Overlord  
  13  0:18  Drone  
  14  0:31  Drone x2  
  16  0:36  Drone  
  17  0:54  Hatchery  
  16  0:57  Drone  
  16  1:00  Drone  
  18  1:11  Extractor  
  17  1:16  Spawning Pool  
  16  1:18  Drone  
  16  1:22  Drone  
  18  1:44  Hatchery  
  18  1:47  Drone  
  18  1:50  Drone  
  18  1:54  Drone  
  20  2:13  Queen  
  20  2:14  Drone  
  20  2:15  Drone  
  24  2:19  Drone x2  
  26  2:27  Metabolic Boost  
  26  2:33  Overlord  
  26  2:40  Zergling x4  
  28  2:45  Overlord  
  28  2:57  Queen  
  30  2:59  Baneling Nest  
  30  3:03  Zergling x2  
  30  3:04  Zergling x4  
  32  3:08  Drone  
  32  3:12  Drone x2  
  35  3:20  Zergling x2  
  35  3:21  Zergling x4  
  38  3:31  Zergling x8  
  42  3:35  Extractor  
  41  3:43  Zergling x6  
  41  3:44  Zergling x4  
  46  3:52  Drone  
  46  3:53  Drone x2  
  49  4:02  Evolution Chamber  
  48  4:04  Evolution Chamber  
  48  4:08  Queen  
  49  4:12  Baneling  
  49  4:13  Baneling x2  
  49  4:18  Overlord  
  49  4:26  Overlord x2  
  49  4:38  Zerg Melee Weapons Level 1  
  48  4:43  Drone x3  
  48  4:44  Pneumatized Carapace  
  36  4:46  Zergling x4  
  36  4:47  Zergling x2  
  39  4:55  Zergling x6  
  38  5:14  Zergling x2  
  38  5:15  Zergling x16  
  38  5:17  Baneling x3  
  43  5:25  Zergling x6  
  43  5:26  Zergling x2  
  44  5:36  Zergling x10  
  44  5:39  Baneling x2  
  49  5:45  Queen  
  51  5:51  Zergling x4  
  51  5:52  Zergling x2  
  54  6:00  Drone x3  
  54  6:01  Drone  
  58  6:18  Drone x5  
  59  6:19  Drone x2  
  50  6:36  Drone  
  50  6:39  Zergling x16  
  59  6:46  Zergling x2  
  60  7:00  Baneling x3  
  60  7:01  Baneling  
  56  7:03  Zergling x16  
  64  7:09  Extractor  
  64  7:15  Zergling x2  
  64  7:16  Zergling x2  
  64  7:19  Overlord x4  
Tags
 
Add a new tag
Caveats
  • Supply blocks, unpowered buildings, or Contaminate may cause inaccurate times.
  • Supply counts are checked every 10 seconds.